 Dungeon Crawl Stone Soup version 0.22-a0-252-gcace5d2 (webtiles) character file.

73 Autsider the Chiller (level 4, 0/36 HPs)
             Began as a Draconian Ice Elementalist on Mar 1, 2018.
             Slain by a worm (8 damage)
             ... on level 2 of the Dungeon.
             The game lasted 00:03:46 (1362 turns).

Autsider the Chiller (Draconian Ice Elementalist)   Turns: 1362, Time: 00:03:46

Health: 0/36       AC:  4    Str: 10    XL:     4   Next: 8%
Magic:  0/7        EV: 12    Int: 17    God:
Gold:   87         SH:  0    Dex: 11    Spells: 7/8 levels left

rFire    . . .     SeeInvis .   h - +0 dagger
rCold    . . .     Gourm    .   (no shield)
rNeg     . . .     Faith    .   (armour unavailable)
rPois    .         Spirit   .   (helmet restricted)
rElec    .         Reflect  .   (no cloak)
rCorr    .         Harm     .   g - -2 pair of gloves (curse)
MR       .....                  (no boots)
Stlth    ++........             (no amulet)
HPRegen  0.12/turn              (no ring)
MPRegen  0.10/turn              (no ring)

@: very slightly contaminated
A: unfitting armour, cold-blooded, AC +5
a: no special abilities


You were on level 2 of the Dungeon.
You were not hungry.

You visited 1 branch of the dungeon, and saw 2 of its levels.

You collected 87 gold pieces.

Inventory:

Hand Weapons
 h - a +0 dagger (weapon)
Missiles
 d - 19 stones (quivered)
Armour
 g - a cursed -2 pair of gloves (worn)
Jewellery
 k - an uncursed ring of wizardry {unknown}
Scrolls
 i - 2 scrolls of teleportation {unknown}
Potions
 c - a potion of might {unknown}
 e - a potion of curing {unknown}
 f - 2 potions of heal wounds {unknown}
 j - a potion of agility {unknown}
Comestibles
 a - a chunk of flesh
 b - 3 rations


   Skills:
 + Level 1.8 Fighting
 - Level 1.7 Dodging
 - Level 1.7 Stealth
 + Level 2.6 Spellcasting
   Level 1.0 Conjurations
 * Level 4.1 Ice Magic


You had 7 spell levels left.
You knew the following spells:

 Your Spells              Type           Power        Failure   Level  Hunger
a - Freeze                Ice            ###.         3%          1    #......


Dungeon Overview and Level Annotations

Branches:
Dungeon (2/15)

Altars:


Innate Abilities, Weirdness & Mutations

Your plain brown scales are hard. (AC +5)
You cannot fit into any form of body armour.
You are cold-blooded and may be slowed by cold attacks.


Message History

Press: ? - help, Shift-Dir - straight line, f/p - worm
Aim: a worm (moderately wounded)
You freeze the worm.
The worm is severely wounded.
Casting: Freeze (safe; 3% risk of failure)
Confirm with . or Enter, or press ? or * to list all spells.
Aiming: Freeze (safe; 3% risk of failure)
Press: ? - help, Shift-Dir - straight line, f/p - worm
Aim: a worm (severely wounded)
You freeze the worm.
The worm is almost dead.
The worm bites you!
* * * LOW HITPOINT WARNING * * *
Casting: Freeze (safe; 3% risk of failure)
Confirm with . or Enter, or press ? or * to list all spells.
Aiming: Freeze (safe; 3% risk of failure)
Press: ? - help, Shift-Dir - straight line, f/p - worm
Aim: a worm (severely wounded)
You miscast Freeze.
You feel a strange surge of energy! The worm bites you!
You die...

.# #.# .# #.# ###
.#####.#### #..
.##.......# #.#
.##.......# #.#
.##.......###.#
...........รท).#
###.......##..#####
#.............@.# #
###........#..###w#
.# ..
.......###>#..#
#.####.#...
....####
#.#..###.....r....
###.#
.#...<......w....
#.#
#.######.####...
#.# #.# #.).# . #.#
#.. ....... #.# ###
#.......#


You could see a worm.

Vanquished Creatures
  A gnoll (D:1)
  An adder (D:2)
  An ooze (D:1)
  4 dart slugs (D:1)
  2 giant cockroaches (D:1)
  7 goblins
  3 hobgoblins
  4 jackals (D:2)
  4 kobolds (D:1)
  4 bats
  2 frilled lizards (D:1)
  8 rats
41 creatures vanquished.

Notes
Turn   | Place    | Note
-------+----------+-------------------------------------------
     0 | D:1      | Autsider the Draconian Ice Elementalist began the quest for the Orb.
     0 | D:1      | Reached XP level 1. HP: 14/14 MP: 3/3
   298 | D:1      | Reached XP level 2. HP: 22/22 MP: 0/5
   421 | D:1      | Reached skill level 1 in Fighting
   786 | D:1      | Reached XP level 3. HP: 28/28 MP: 4/6
  1252 | D:2      | Reached skill level 4 in Ice Magic
  1334 | D:2      | Reached XP level 4. HP: 23/36 MP: 2/7
  1362 | D:2      | Slain by a worm

Vault maps used:
D:1:      dpeg_arrival_tiny_b
D:2:      uniq_jessica

Skill      XL: |  1  2  3 |
---------------+----------+-----
Fighting       | 1 |  1.8
Ice Magic      | 4 |  4.1
Dodging        | |  1.7
Stealth        | |  1.7
Spellcasting   | |  2.6
Conjurations   | |  1.0

Action                   |  1- 3 |  4- 6 || total
-------------------------+-------+-------++-------
Melee: Unarmed           |    37 |       ||    37
       Dagger            |    11 |     8 ||    19
       Tailslap          |     2 |       ||     2
 Cast: Freeze            |    53 |     4 ||    57
  Eat: Chunk             |     2 |       ||     2
Armor: Skin              |    31 |     4 ||    35
Dodge: Dodged            |    60 |     2 ||    62

Table legend:
 A = Spawn XP
 B = Non-spawn XP
 C = Spawn XP percentage of total XP
 D = Spawn monster count
 E = Non-spawn monster count
 F = Spawn count percentage of total count
 G = Total turns spent on level
                    A         B        C        D         E        F      G
               +---------+---------+-------+---------+---------+-------+---------
         Total |       0 |     105 |   0.0 |       0 |      41 |   0.0 |  1362
               +---------+---------+-------+---------+---------+-------+---------
           D:1 |       0 |      74 |   0.0 |       0 |      30 |   0.0 |  1212
           D:2 |       0 |      31 |   0.0 |       0 |      11 |   0.0 |   150
               +---------+---------+-------+---------+---------+-------+---------
